Map: Terraform LE (Void)

Players

Zarmoxis

  • Race: Terran Terran
  • League: Platinum

광전사 - Winner!

  • Race: Protoss Protoss
  • League: Gold

VOD

Have the link to the VOD?

Description

Time

  • Played on: Aug. 23, 2015, 5:55 a.m.
  • Length: 14:28
Show
View Real Time Build Order
Export as new Build Order

Zarmoxis Terran 

Build Orders:  

Get SALT Encoding   

  12  0:00  SCV  
  13  0:13  SCV  
  14  0:17  Supply Depot  
  14  0:25  SCV  
  15  0:39  SCV  
  15  0:41  Barracks  
  16  0:51  SCV  
  16  0:55  Refinery  
  17  1:03  SCV  
  18  1:15  SCV  
  19  1:25  Command Center  
  19  1:29  SCV  
  20  1:37  Reaper  
  21  1:43  SCV  
  21  1:45  Supply Depot  
  22  1:55  SCV  
  22  2:00  Refinery  
  23  2:08  SCV  
  24  2:20  SCV  
  25  2:23  Factory  
  25  2:24  Marine  
  26  2:32  SCV  
  27  2:42  Marine  
  27  2:43  SCV  
  29  2:47  Bunker  
  29  2:48  SCV  
  30  2:59  Marine  
  30  3:00  SCV  
  30  3:02  SCV  
  33  3:06  Widow Mine  
  33  3:07  Starport  
  33  3:12  SCV  
  35  3:26  SCV x2  
  37  3:31  Engineering Bay  
  37  3:37  Widow Mine, Marine  
  37  3:38  SCV  
  41  3:47  SCV  
  41  3:48  Supply Depot, Medivac  
  42  3:49  Supply Depot  
  42  3:50  SCV  
  45  3:57  Marine  
  46  4:09  SCV x2, Widow Mine  
  50  4:11  Supply Depot  
  50  4:15  Marine  
  51  4:24  Medivac  
  53  4:28  Barracks  
  53  4:31  Barracks, Orbital Command  
  52  4:32  Marine  
  53  4:39  Missile Turret  
  52  4:49  Missile Turret  
  39  5:44  Widow Mine  
  39  5:45  Medivac  
  43  5:54  SCV  
  44  5:57  Barracks Reactor, Barracks Tech Lab  
  44  5:58  Marine  
  45  6:09  Command Center  
  43  6:26  Stimpack, Marauder  
  45  6:34  Barracks Reactor  
  45  6:40  Marine  
  45  6:45  Supply Depot  
  45  6:46  Supply Depot  
  46  6:51  Marauder  
  46  7:06  Marine, Widow Mine  
  46  7:07  SCV, Medivac  
  52  7:11  Marine x2  
  52  7:12  Marine  
  55  7:19  Barracks  
  55  7:20  Barracks  
  55  7:28  Marine  
  55  7:29  Marauder  
  55  7:57  Engineering Bay  
  55  7:59  Supply Depot x3  
  55  8:05  Supply Depot  
  55  8:09  SCV  
  53  8:25  Missile Turret  
  53  8:31  Planetary Fortress  
  51  8:46  SCV  
  51  8:47  SCV  
  53  8:49  Barracks Reactor  
  53  8:50  Barracks Tech Lab  
  53  8:53  Barracks Tech Lab  
  53  9:00  SCV x2  
  55  9:13  Missile Turret  
  55  9:15  Missile Turret  
  55  9:18  Bunker  
  55  9:26  Marine x2  
  57  9:32  Marine x2  
  59  9:48  Factory Reactor  
  59  9:54  Raven  
  59  9:58  Barracks Tech Lab  
  61  10:00  Marine x2  
  61  10:01  Marauder x2  
  61  10:02  Marine x2  
  69  10:10  SCV  
  69  10:11  SCV  
  69  10:13  Refinery  
  71  10:15  Refinery  
  71  10:23  SCV  
  71  10:25  Marauder  
  71  10:26  Widow Mine  
  78  10:29  Widow Mine  
  78  10:31  Marauder  
  78  10:32  SCV  
  81  10:39  Planetary Fortress  
  81  10:54  Missile Turret  
  81  10:55  Bunker  
  80  11:07  Raven, Marauder x2  
  80  11:08  Widow Mine x2  
  90  11:17  Missile Turret  
  90  11:20  SCV, Missile Turret  
  88  11:45  Marine x2, Marauder x3  
  96  11:55  Missile Turret  
  96  12:11  Marine x2, Marauder x2  
  96  12:12  Marine  
  96  12:15  Widow Mine  
  105  12:25  Widow Mine  
  105  12:26  SCV  
  108  12:31  Engineering Bay  
  106  12:43  Marine x3  
  109  14:08  Marine  
  109  14:12  SCV x2  
Show
View Real Time Build Order
Export as new Build Order

광전사 Protoss - Winner!

Build Orders: Blink Stalkers, Dark Templar Rush 

Get SALT Encoding   

  12  0:01  Probe  
  13  0:13  Probe  
  14  0:18  Pylon  
  14  0:25  Probe  
  15  0:29  Assimilator  
  15  0:36  Assimilator  
  15  0:37  Probe  
  16  0:48  Gateway  
  16  0:54  Probe  
  17  1:06  Probe  
  18  1:18  Probe  
  19  1:30  Probe  
  19  1:31  Pylon  
  20  1:37  Cybernetics Core  
  20  1:42  Probe  
  20  1:44  Zealot  
  23  1:54  Probe  
  24  2:02  Pylon  
  24  2:04  Warp Gate  
  24  2:06  Probe  
  25  2:13  Twilight Council  
  25  2:24  Mothership Core  
  27  2:37  Stalker  
  29  2:45  Probe  
  30  2:51  Dark Shrine  
  30  2:57  Probe  
  31  3:11  Gateway  
  31  3:13  Gateway  
  31  3:15  Pylon  
  29  3:30  Pylon  
  29  3:47  Blink  
  29  3:57  Nexus  
  29  4:09  Dark Templar  
  31  4:10  Dark Templar  
  33  4:18  Dark Templar  
  33  5:29  Stalker  
  33  5:30  Stalker x2  
  39  5:35  Robotics Facility  
  37  5:51  Forge  
  37  5:56  Pylon, Assimilator  
  37  5:59  Assimilator  
  37  6:00  Probe  
  37  6:01  Pylon  
  38  6:04  Stalker x2  
  38  6:05  Stalker  
  44  6:12  Probe  
  44  6:24  Observer  
  45  6:28  Photon Cannon  
  45  6:31  Photon Cannon  
  46  6:32  Probe  
  46  6:35  Probe  
  47  6:44  Probe, Protoss Ground Armor Level 1  
  47  6:48  Probe  
  48  6:57  Probe  
  48  7:00  Probe  
  50  7:09  Probe, Observer  
  50  7:13  Probe  
  53  7:21  Probe  
  54  7:25  Probe  
  55  7:30  Observer  
  55  7:33  Probe  
  58  7:37  Probe  
  56  7:45  Probe  
  56  7:47  Dark Templar  
  56  7:49  Probe  
  60  7:57  Probe, Dark Templar  
  61  8:01  Probe  
  61  8:04  Photon Cannon  
  62  8:05  Pylon  
  62  8:11  Robotics Bay  
  62  8:13  Probe  
  61  8:25  Probe  
  62  8:27  Stalker  
  62  8:28  Stalker  
  66  8:38  Protoss Ground Weapons Level 1  
  66  8:46  Dark Templar  
  68  8:52  Probe  
  68  8:55  Stalker x2  
  71  8:59  Gateway  
  71  9:02  Gateway  
  73  9:04  Probe  
  73  9:07  Charge  
  74  9:11  Colossus  
  80  9:20  Extended Thermal Lance  
  80  9:48  Zealot x3  
  86  10:04  Nexus  
  86  10:05  Colossus  
  92  10:22  Robotics Facility  
  92  10:24  Dark Templar  
  92  10:27  Pylon  
  94  10:29  Pylon  
  94  10:32  Pylon  
  94  10:34  Pylon  
  94  10:45  Protoss Ground Weapons Level 2  
  94  10:54  Photon Cannon  
  94  10:56  Photon Cannon  
  94  10:58  Colossus, Assimilator  
  94  11:04  Assimilator  
  98  11:09  Dark Templar x2  
  98  11:10  Dark Templar  
  104  11:16  Archon  
  102  11:33  Disruptor  
  102  11:35  Zealot x2  
  102  11:37  Probe  
  108  11:46  Zealot x3  
  114  11:49  Probe  
  114  11:50  Probe  
  114  11:53  Probe  
  117  12:01  Probe  
  117  12:02  Probe  
  117  12:05  Probe  
  117  12:07  Colossus  
  126  12:13  Probe  
  126  12:15  Probe  
  128  12:17  Probe, Disruptor  
  128  12:20  Zealot x2  
  136  12:26  Probe  
  136  12:27  Probe  
  136  12:46  Dark Templar x2  
  136  12:48  Archon  
  140  12:57  Pylon  
  140  12:59  Pylon  
  140  13:03  Pylon  
  140  13:08  Stargate  
  140  13:10  Stargate  
  140  13:11  Pylon x2  
  140  13:17  Disruptor  
  143  13:27  Disruptor  
  143  13:29  Zealot x5  
  156  13:36  Gateway, Pylon  
  156  13:37  Gateway  
  156  13:43  Gateway  
  156  13:45  Gateway  
  147  14:03  Pylon  
Tags
 
Add a new tag
Caveats
  • Supply blocks, unpowered buildings, or Contaminate may cause inaccurate times.
  • Supply counts are checked every 10 seconds.